 Dungeon Crawl Stone Soup version 0.29-a0-582-ge82337ba6a (webtiles) character file.

Game seed: 5864611922361342487

17518 happo123 the Grappler (level 12, -9/113 HPs)
             Began as a Troll Transmuter on June 15, 2022.
             Was an Elder of Kikubaaqudgha.
             Mangled by a merfolk
             ... wielding a +0 trident
              (10 damage)
             ... on level 2 of the Lair of Beasts.
             The game lasted 01:03:41 (11062 turns).

happo123 the Grappler (Troll Transmuter)           Turns: 11062, Time: 01:03:46

Health: -9/113     AC:  8    Str: 21    XL:     12   Next: 19%
Magic:  7/17       EV: 11    Int: 19    God:    Kikubaaqudgha [****..]
Gold:   465        SH:  0    Dex: 10    Spells: 3/19 levels left

rFire   . . .      SeeInvis .     - Unarmed
rCold   . . .      Faith    .   (shield currently unavailable)
rNeg    . . .      Spirit   .   S - +1 troll leather armour
rPois   .          Reflect  .   (helmet restricted)
rElec   .          Harm     .   v - +0 cloak
rCorr   .          Rampage  .   (gloves unavailable)
Will    .....                   (boots unavailable)
Stlth   +.........              k - amulet of regeneration
HPRegen 2.68/turn               g - +6 ring of intelligence
MPRegen 0.15/turn               L - ring of wizardry

@: blade hands (expiring), wereblooded, animating dead, studying Necromancy
A: large, unfitting armour, claws 3, regeneration 1, shaggy fur 1, tough skin 1
a: End Transformation, Renounce Religion, Unearth Wretches


You were on level 2 of the Lair of Beasts.
You worshipped Kikubaaqudgha.
Kikubaaqudgha was greatly pleased with you.
You had blades for hands.
You visited 3 branches of the dungeon, and saw 14 of its levels.

You collected 919 gold pieces.
You spent 454 gold pieces at shops.

Inventory:

Hand Weapons
 p - the +8 short sword "Dragon's Doom" {flame, Int+2}
   (You found it on level 3 of the Dungeon)

   It burns those it strikes, dealing additional fire damage.
   Int:       It affects your intelligence (+2).
 G - a +1 mace of protection
 N - a +8 great mace
Missiles
 E - 2 throwing nets
Armour
 a - a +0 robe
 v - a +0 cloak (worn)
 C - +0 steam dragon scales
 S - a +1 troll leather armour (worn)
Magical Staves
 m - a staff of death
 H - a staff of conjuration
Jewellery
 g - a +6 ring of intelligence (left blade hand)
 k - an amulet of regeneration (around neck)
 o - a +4 ring of evasion
 y - a ring of protection from cold
 B - an amulet of guardian spirit
 L - a ring of wizardry (right blade hand)
 R - an amulet of faith
 U - a ring of protection from cold
Wands
 w - a wand of charming (5)
 F - a wand of iceblast (14)
 J - a wand of flame (53)
 O - a wand of polymorph (6)
 Q - a wand of acid (5)
Scrolls
 c - 6 scrolls of immolation
 d - 4 scrolls of noise
 f - 6 scrolls of amnesia
 j - 2 scrolls of poison
 n - 6 scrolls of teleportation
 r - 2 scrolls of fear
 s - 4 scrolls of fog
 I - a scroll of enchant weapon
 K - a scroll of torment
 P - a scroll of magic mapping
Potions
 b - 2 potions of lignification
 e - 2 potions of magic {unknown}
 h - 3 potions of brilliance {unknown}
 i - 4 potions of heal wounds {unknown}
 l - 10 potions of curing {unknown}
 q - a potion of berserk rage {unknown}
 t - 3 potions of mutation {unknown}
 u - 2 potions of might {unknown}
 x - 3 potions of attraction
 z - 2 potions of flight {unknown}
 A - a potion of invisibility {unknown}
 D - a potion of cancellation {unknown}
 M - a potion of resistance {unknown}
 T - 6 potions of ambrosia


   Skills:
 + Level 5.7 Fighting
 + Level 5.9 Dodging
 * Level 10.5 Unarmed Combat
 + Level 4.4 Spellcasting
 + Level 7.1 Necromancy
 * Level 7.7 Transmutations
 - Level 4.0 Ice Magic
 + Level 2.4 Earth Magic


You had 3 spell levels left.
You knew the following spells:

 Your Spells              Type           Power      Damage    Failure   Level
a - Beastly Appendage     Tmut           66%        N/A       5%          1
b - Wereblood             Tmut           33%        N/A       6%          2
c - Ice Form              Ice/Tmut       26%        N/A       24%         4
d - Blade Hands           Tmut           16%        N/A       28%         5
e - Animate Dead          Necr           31%        N/A       19%         4

Your spell library contained the following spells:

 Spells                   Type           Power      Damage    Failure   Level
 Necrotize                Necr           100%       1d9       6%          1
 Sublimation of Blood     Necr           31%        N/A       7%          2
 Freeze                   Ice            76%        1d9       11%         1
 Frozen Ramparts          Ice            38%        1d5       19%         3
 Spider Form              Tmut/Pois      19%        N/A       19%         3
 Gell's Gravitas          Tloc           4%         N/A       47%         3
 Portal Projectile        Hex/Tloc       8%         N/A       47%         3
 Teleport Other           Tloc           4%         N/A       47%         3
 Tukima's Dance           Hex            4%         N/A       47%         3
 Dispel Undead            Necr           31%        3d14      19%         4
 Petrify                  Tmut/Erth      23%        N/A       30%         4
 Anguish                  Hex/Necr       8%         N/A       43%         4
 Corpse Rot               Necr/Pois/Air  13%        N/A       54%         4
 Borgnjor's Vile Clutch   Necr/Erth      11%        N/A       54%         5
 Hailstorm                Conj/Ice       11%        3d5       58%         4
 Irradiate                Conj/Tmut      9%         3d16      65%         5
 Death Channel            Necr           15%        N/A       75%         6
 Simulacrum               Ice/Necr       12%        N/A       89%         6
 Summon Forest            Summ/Tloc      2%         N/A       96%         5
 Eringya's Noxious Bog    Tmut/Pois      9%         N/A       98%         6
 Dispersal                Tloc           2%         N/A       100%        6
 Summon Hydra             Summ           2%         N/A       100%        7


Dungeon Overview and Level Annotations

Branches:
Dungeon (11/15)            Temple (1/1) D:7            Lair (2/6) D:8
 Shoals (0/4) Lair:2          Orc (0/2) D:10
  Snake: Lair:2-4    Spider: Lair:2-4

Altars:
Ashenzari
Cheibriados
Dithmenos
Elyvilon
Fedhas
Gozag
Hepliaklqana
Kikubaaqudgha
Makhleb
Nemelex Xobeh
Okawaru
Qazlal
Ru
Sif Muna
Trog
Uskayaw
Vehumet
Wu Jian
Xom
Yredelemnul
Zin
The Shining One

Shops:
D:8 :==   D:10 ([*[

Annotations:
D:10 3 runed translucent doors


Innate Abilities, Weirdness & Mutations

You have blades for hands.
Your spellcasting is less reliable in this form.
You are incapable of wielding weapons or throwing items.
You are too large for most types of armour.
You have claws for hands.
Your natural rate of healing is unusually fast.
You are covered in fur. (AC +1)
You have tough skin. (AC +1)


Message History

Your black bear zombie is destroyed!
The merfolk hits your black bear zombie with a +0 trident!!
Casting: Blade Hands (dangerous; 7% risk of failure)
Confirm with . or Enter, or press ? or * to list all spells.
You dismiss your zombies and call upon the dead to rise afresh.
Your black bear zombie crumbles into dust!
Casting: Animate Dead (mildly dangerous; 3% risk of failure)
Confirm with . or Enter, or press ? or * to list all spells.
Your claws turn into razor-sharp scythe blades.
The merfolk throws a throwing net.
The throwing net hits you.
You become entangled in the net!
The merfolk hits you from afar with a +0 trident!
Casting: Blade Hands (dangerous; 28% risk of failure)
Confirm with . or Enter, or press ? or * to list all spells.
Your blood is infused with primal strength.
The merfolk hits you but does no damage.
The merfolk hits you from afar with a +0 trident!
You struggle against the net.
Your transformation is almost over.
The merfolk hits you from afar with a +0 trident!
The merfolk closely misses you.
You struggle against the net.
The merfolk barely misses you. The merfolk closely misses you.
You shred the net and break free! The merfolk barely misses you. x2
The merfolk hits you from afar with a +0 trident!!
The merfolk misses you.
The merfolk hits you from afar with a +0 trident!
You slash the merfolk!
The merfolk is moderately wounded.
The merfolk hits you from afar with a +0 trident!
* * * LOW HITPOINT WARNING * * *
The merfolk hits you with a +0 trident!
* * * LOW HITPOINT WARNING * * *
You hit the merfolk. You slash the merfolk!
The merfolk is heavily wounded.
The merfolk hits you from afar with a +0 trident!!
* * * LOW HITPOINT WARNING * * *
The merfolk closely misses you. The merfolk hits you with a +0 trident!
You die...
Kikubaaqudgha rasps: "You have failed me!
Welcome... death!"

... ##.P..#.P...#####
... #................
....
#................
...##...............#
#
......_.............
..#
#......#.#.###..#P
>#.. #......##### #.#
≈≈≈m. #......# ##
#≈≈≈.#@.#####
#.mm.(.# ###m.###
##.# ###


You could see 3 merfolk.

Vanquished Creatures
  A catoblepas (Lair:2)
  A two-headed ogre (D:10)
  Pikel (D:5)
  4 oklob plants (Lair:1)
  Maurice (D:8)
  3 cane toads
  An unseen horror (D:11)
  Maggie (D:6)
  Psyche (D:8)
  A kobold demonologist (D:11)
  2 komodo dragons
  A queen bee (D:11)
  2 trolls
  Grinder (D:6)
  Sigmund (D:6)
  A shadow (D:8)
  11 yaks
  3 basilisks
  2 steam dragons
  2 vampires (D:11)
  4 vampire mosquitoes (D:10)
  Grum (Lair:1)
  3 wargs (D:8)
  A floating eye (Lair:1)
  6 water moccasins
  2 ice beasts (D:7)
  A swamp drake (D:10)
  3 orc warriors
  7 black bears
  The ghost of marklar909 the Skirmisher, an amateur PaFi (D:3)
  2 sky beasts (D:8)
  4 ogres
  3 wolves
  3 phantoms
  3 kobold brigands
  9 bullfrogs
  A scorpion (D:4)
  A gnoll sergeant (D:4)
  33 killer bees
  5 howler monkeys
  3 gnoll shamans
  A jelly (D:6)
  11 orc priests
  Crazy Yiuf (D:6)
  3 hounds
  3 iguanas
  17 orc wizards
  17 gnolls
  2 adders
  2 shadow imps
  2 white imps
  A worm (D:4)
  3 dart slugs
  37 orcs
  5 ball pythons
  8 endoplasms
  A giant cockroach (D:2)
  8 goblins
  10 hobgoblins
  5 jackals
  26 kobolds
  2 quokkas (D:4)
  5 bats
  2 rats
309 creatures vanquished.

Vanquished Creatures (collateral kills)
  2 killer bees (D:11)
  An electric eel (Lair:1)
3 creatures vanquished.

Vanquished Creatures (others)
  A bullfrog zombie (Lair:1)
  3 black bear zombies (Lair:2)
  9 killer bee zombies (D:11)
  A fungus (Lair:2)
  15 plants
29 creatures vanquished.

Grand Total: 341 creatures vanquished

Notes
Turn   | Place    | Note
-------+----------+-------------------------------------------
     0 | D:1      | happo123 the Troll Transmuter began the quest for the Orb.
     0 | D:1      | Reached XP level 1. HP: 18/18 MP: 1/1
    72 | D:1      | Reached skill level 1 in Fighting
    72 | D:1      | Reached XP level 2. HP: 27/27 MP: 0/2
   411 | D:1      | Learned a level 2 spell: Wereblood
   639 | D:2      | Reached XP level 3. HP: 33/33 MP: 4/4
  1538 | D:3      | Identified the +8 short sword "Dragon's Doom" {flame,
                  | Int+2}
  1643 | D:3      | Reached XP level 4. HP: 36/41 MP: 1/5
  1726 | D:3      | Found a transporter.
  1777 | D:3      | Noticed marklar909's ghost (amateur PaFi)
  1778 | D:3      | Noticed an ogre
  1792 | D:3      | Found a transporter.
  1792 | D:3      | Noticed an ogre
  2117 | D:4      | Noticed a phantom
  2122 | D:4      | Killed a phantom
  2123 | D:4      | Reached skill level 4 in Unarmed Combat
  2123 | D:4      | Reached XP level 5. HP: 48/48 MP: 2/6
  2142 | D:4      | Reached skill level 1 in Ice Magic
  2251 | D:4      | Reached XP level 6. HP: 51/57 MP: 3/7
  2758 | D:5      | Entered Level 5 of the Dungeon
  2802 | D:5      | Reached XP level 7. HP: 65/65 MP: 5/8
  2897 | D:5      | Reached skill level 5 in Unarmed Combat
  3417 | D:5      | Noticed Pikel
  3442 | D:5      | Killed Pikel
  3443 | D:5      | Reached XP level 8. HP: 68/74 MP: 10/10
  3748 | D:6      | Noticed Grinder
  3757 | D:6      | Killed Grinder
  3758 | D:6      | Reached skill level 6 in Unarmed Combat
  3767 | D:6      | Noticed Maggie
  3803 | D:6      | Killed Maggie
  4010 | D:6      | Noticed Sigmund
  4017 | D:6      | Killed Sigmund
  4018 | D:6      | Reached XP level 9. HP: 83/83 MP: 10/12
  4066 | D:6      | Found a runed translucent door.
  4067 | D:6      | Noticed Crazy Yiuf
  4073 | D:6      | Killed Crazy Yiuf
  4368 | D:7      | Reached skill level 7 in Unarmed Combat
  4373 | D:7      | Reached skill level 5 in Transmutations
  4481 | D:7      | Found an ornate altar of the Wu Jian Council.
  4524 | D:7      | Found a basalt altar of Yredelemnul.
  4799 | D:7      | Found a white marble altar of Elyvilon.
  4879 | D:7      | Reached skill level 1 in Necromancy
  5119 | D:7      | Found a staircase to the Ecumenical Temple.
  5126 | Temple   | Entered the Ecumenical Temple
  5293 | Temple   | Became a worshipper of Kikubaaqudgha
  5568 | D:8      | Found Hafairgh's Jewellery Shop.
  5700 | D:8      | Found Nitwub's Jewellery Shop.
  5769 | D:8      | Noticed Psyche
  5779 | D:8      | Killed Psyche
  5813 | D:8      | Reached XP level 10. HP: 68/92 MP: 10/13
  5875 | D:8      | Found a staircase to the Lair.
  5891 | D:8      | Reached skill level 8 in Unarmed Combat
  5991 | D:8      | Reached * piety under Kikubaaqudgha
  5991 | D:8      | Received a gift from Kikubaaqudgha
  6106 | D:8      | Identified the +0 ring mail of Unreason {rElec}
  6247 | D:8      | Noticed Maurice
  6291 | D:8      | Killed Maurice
  6480 | D:8      | Found Giqogueg's Book Emporium.
  6723 | D:8      | Bought a ring of wizardry for 390 gold pieces
  6730 | D:8      | Learned a level 4 spell: Ice Form
  6903 | D:3      | Killed marklar909's ghost
  7603 | D:10     | Entered Level 10 of the Dungeon
  7603 | D:10     | Found Poddim's Assorted Antiques.
  7609 | D:10     | Bought a scroll labelled VEOXA ROGEMAIPP for 32 gold pieces
  7609 | D:10     | Bought a scroll labelled ELOAVU GIHE for 32 gold pieces
  7676 | D:10     | Found Napyot's Armour Shoppe.
  7680 | D:10     | Noticed a two-headed ogre
  7687 | D:10     | Killed a two-headed ogre
  7708 | D:10     | Found a broken altar of Ashenzari.
  7779 | D:10     | Identified the +3 leather armour "Bunautoup" {rElec rPois
                  | rN++ Will-}
  7813 | D:10     | Identified the +7 scimitar of Disintegration {vorpal, rElec
                  | Str+3 Int-4}
  7826 | D:10     | Reached skill level 5 in Necromancy
  7829 | D:10     | Reached ** piety under Kikubaaqudgha
  7865 | D:10     | Found a staircase to the Orcish Mines.
  7878 | D:10     | Reached skill level 5 in Dodging
  8011 | D:10     | Reached skill level 9 in Unarmed Combat
  8034 | D:10     | Found Safahi's Antique Armour Shop.
  8118 | D:10     | Found Qamyeloe's Weapon Boutique.
  8196 | D:10     | Found a runed translucent gate.
  8196 | D:10     | Found a runed translucent gate.
  8196 | D:10     | Found a runed translucent gate.
  8196 | D:10     | Noticed a red ugly thing
  8196 | D:10     | Noticed a cyan ugly thing
  8196 | D:10     | Noticed a glowing orange brain
  8197 | D:10     | Noticed a white ugly thing
  8197 | D:10     | Noticed a purple ugly thing
  8197 | D:10     | Noticed a purple ugly thing
  8197 | D:10     | Noticed a cyan ugly thing
  8202 | D:10     | Noticed an anaconda
  8202 | D:10     | a redback changed into an anaconda
  8485 | D:11     | Reached XP level 11. HP: 101/101 MP: 10/15
  8573 | D:11     | Learned a level 5 spell: Blade Hands
  8578 | D:11     | Learned a level 4 spell: Animate Dead
  8704 | D:11     | Noticed a soul eater
  9290 | D:11     | Reached skill level 5 in Fighting
  9313 | D:11     | Reached *** piety under Kikubaaqudgha
  9313 | D:11     | Received a gift from Kikubaaqudgha
  9545 | Lair:1   | Entered Level 1 of the Lair of Beasts
  9655 | Lair:1   | Reached skill level 1 in Earth Magic
  9814 | Lair:1   | Noticed an oklob plant
  9818 | Lair:1   | Paralysed by a floating eye for 2 turns
  9820 | Lair:1   | Noticed an oklob plant
  9822 | Lair:1   | Noticed an oklob plant
  9822 | Lair:1   | Noticed an oklob plant
  9827 | Lair:1   | Killed an oklob plant
  9827 | Lair:1   | Paralysed by a floating eye for 4 turns
  9843 | Lair:1   | Killed an oklob plant
  9851 | Lair:1   | Killed an oklob plant
  9852 | Lair:1   | Reached skill level 10 in Unarmed Combat
  9856 | Lair:1   | Killed an oklob plant
  9891 | Lair:1   | Noticed Grum
  9910 | Lair:1   | Killed Grum
 10538 | Lair:2   | Noticed a catoblepas
 10551 | Lair:2   | Killed a catoblepas
 10552 | Lair:2   | Reached XP level 12. HP: 55/111 MP: 12/17
 10556 | Lair:2   | Reached **** piety under Kikubaaqudgha
 11030 | Lair:2   | Found a shadowy altar of Dithmenos.
 11046 | Lair:2   | Found a staircase to the Shoals.
 11062 | Lair:2   | HP: 1/113 [merfolk/+0 trident (19)]
 11062 | Lair:2   | Mangled by a merfolk

Illustrated notes

Levels and vault maps discovered:
D:1:      roderic_crossed_star, layout_basic, serial_bayou_lagoon_a
D:2:      layout_loops_corners, minmay_tromino_v4_b
D:3:      layout_loops_ring, gammafunk_ghost_smash
D:4:      layout_basic
D:5:      layout_basic, uniq_pikel
D:6:      layout_loops_ring, uniq_maggie, uniq_sigmund, uniq_crazy_yiuf_cottage,
          uniq_grinder
D:7:      layout_cave_pods, mainiacjoe_overflow_catch_the_wave,
          elyvilon_altar_5, temple_green
D:8:      layout_basic, erik_lair_orcish_takeover, serial_shops,
          nicolae_square_shop, shop, nicolae_square_shop, uniq_psyche,
          uniq_maurice
D:9:      layout_rooms
D:10:     layout_basic, ashenzari_conservatory_becter, erik_orc_1,
          ploomutoo_gammafunk_ghost_potion_laboratory, serial_shops,
          shop_statue, nicolae_shop_window_shopping, nicolae_shop_crystal,
          kennysheep_mini_moat
D:11:     layout_loops_cross, special_room [special_room_bee],
          roderic_roman_lattice
Temple:   regret_index_temple_mists
Lair:1:   layout_gridlike, chequers_serial_rivers_room_a, disabler_island,
          serial_bayou_shore_a, grunt_megastairs_2, uniq_grum
Lair:2:   layout_roguey, elwin_shoals_entry_stream, basic_altar,
          beast_lair_carwin_6

Skill      XL: |  1  2  3  4  5  6  7  8  9 10 11 12 |
---------------+-------------------------------------+-----
Fighting       | 1 2 3 4 5 |  5.7
Transmutations | 2 3 4 5 6 7 |  7.7
Dodging        | 2 3 4 5 |  5.9
Unarmed Combat | 4 5 6 7 9 10 | 10.5
Ice Magic      | 1 2 3 4 |  4.0
Spellcasting   | 2 3 4 |  4.4
Necromancy     | 2 5 6 7 |  7.1
Earth Magic    | 2 |  2.4

Action                   |  1- 3 |  4- 6 |  7- 9 | 10-12 || total
-------------------------+-------+-------+-------+-------++-------
Melee: Unarmed           |    80 |    95 |   223 |   515 ||   913
       Headbutt          |     3 |     8 |    24 |    13 ||    48
       Kick              |     1 |    10 |    46 |    25 ||    82
       Punch             |     1 |     4 |    10 |    19 ||    34
 Cast: Beastly Appendage |     9 |     7 |    24 |    12 ||    52
       Wereblood         |     2 |     4 |    10 |    19 ||    35
       Ice Form          |       |       |       |    14 ||    14
       Blade Hands       |       |       |       |    16 ||    16
       Animate Dead      |       |       |       |    11 ||    11
  Use: Scroll            |       |       |     2 |    11 ||    13
       Potion            |       |       |       |     1 ||     1
 Stab: Sleeping          |     1 |       |       |       ||     1
       Confused          |       |       |       |     1 ||     1
Armor: Robe              |    25 |    14 |     7 |       ||    46
       Steam dragon scal |       |       |    47 |    57 ||   104
       Skin              |       |       |       |   119 ||   119
       Troll leather arm |       |       |       |    50 ||    50
Dodge: Dodged            |    45 |    47 |   157 |   299 ||   548

Table legend: (Time is in decaauts)
 A = Elapsed time spent in this place.
 B = Non-inter-level travel time spent in this place.
 C = Inter-level travel time spent in this place.
 D = Time resting spent in this place.
 E = Time spent auto-exploring this place.
 F = Levels seen in this place.
 G = Mean time per level.
                   A        B        C        D        E       F      G
               +--------+--------+--------+--------+--------+-----+--------+
         Total |  11038 |   9347 |   1691 |    119 |   6873 |  14 |  788.4 |
       Dungeon |   9336 |   7943 |   1393 |    119 |   5812 |  11 |  848.7 |
        Temple |    241 |    164 |     77 |      0 |    145 |   1 |  241.0 |
          Lair |   1460 |   1239 |    221 |      0 |    914 |   2 |  730.0 |
               +--------+--------+--------+--------+--------+-----+--------+

Top non-repeatable levels by time:
     D:8: 1350 daAuts
    D:11: 1021 daAuts
     D:7: 1011 daAuts
  Lair:1: 930 daAuts
     D:2: 883 daAuts
     D:5: 876 daAuts
    D:10: 829 daAuts
     D:6: 806 daAuts
     D:4: 800 daAuts
     D:3: 683 daAuts
     D:1: 551 daAuts
  Lair:2: 529 daAuts
     D:9: 522 daAuts
  Temple: 241 daAuts
